 Dungeon Crawl Stone Soup version 0.26-a0-812-g31a745ddcd (webtiles) character file.

Game seed: 521544311696385546

10763 Dracia the Spear-Bearer (level 11, -13/68 HPs)
             Began as a Merfolk Ice Elementalist on Dec 10, 2020.
             Was a High Priest of Okawaru.
             Mangled by a very large slime creature (50 damage)
             ... on level 11 of the Dungeon.
             The game lasted 00:27:06 (13041 turns).

Dracia the Spear-Bearer (Merfolk Ice Elementalist) Turns: 13041, Time: 00:27:07

Health: -13/68     AC: 21    Str: 10    XL:     11   Next: 67%
Magic:  15/24      EV: 19    Int: 16    God:    Okawaru [*****.]
Gold:   732        SH:  5    Dex: 17    Spells: 11/28 levels left

rFire    . . .     SeeInvis .   B - +1 trident
rCold    . . .     Faith    .   (no shield)
rNeg     + . .     Spirit   .   s - +3 ring mail {rN+}
rPois    .         Reflect  +   k - +1 helmet
rElec    .         Harm     .   (no cloak)
rCorr    .         Rampage  .   b - +2 pair of gloves
MR       .....                  p - +0 pair of boots
Stlth    ++++......             r - amulet of reflection
HPRegen  0.21/turn              O - +4 ring of protection
MPRegen  0.19/turn              E - +4 ring of evasion

@: heroism, finesse
A: change form in water, swift swim, stealthy swim, iridescent scales 1,
camouflage 1, agile 1
a: Heroism, Finesse, Renounce Religion


You were on level 11 of the Dungeon.
You worshipped Okawaru.
Okawaru was extremely pleased with you.
You visited 2 branches of the dungeon, and saw 12 of its levels.
You also visited: Ossuary.

You collected 797 gold pieces.
You spent 65 gold pieces at shops.


Innate Abilities, Weirdness & Mutations

You revert to your normal form in water.
You are very nimble and swift while swimming.
You are very stealthy in the water. (Stealth+)
You are partially covered in iridescent scales. (AC +2)
Your skin changes colour to match your surroundings (Stealth+).
You are agile. (Dex +2)


   Skills:
 + Level 12.5(17.5) Polearms
 - Level 2.6(7.6) Dodging
 - Level 2.1(7.1) Stealth
 + Level 9.2 Spellcasting
 - Level 12.2 Ice Magic
 + Level 6.6 Invocations


You had 11 spell levels left.
You knew the following spells:

 Your Spells              Type           Power        Failure   Level
b - Summon Ice Beast      Ice/Summ       ####....     19%         4
o - Ozocubu's Armour      Ice            #####...     1%          3
r - Frozen Ramparts       Ice            #####.       1%          3
s - Searing Ray           Conj           #.....       34%         2
z - Freeze                Ice            ####         1%          1
X - Hailstorm             Conj/Ice       ####....     19%         4

Your spell library contained the following spells:

 Spells                   Type           Power        Failure   Level
 Corona                   Hex            #......      24%         1
 Magic Dart               Conj           #...         24%         1
 Slow                     Hex            #.......     34%         2
 Dazzling Flash           Conj/Hex       #.....       56%         3
 Inner Flame              Hex/Fire       #.......     56%         3
 Portal Projectile        Hex/Tloc       #.....       56%         3
 Cause Fear               Hex            #.........   93%         4
 Fulminant Prism          Conj/Hex       #.........   93%         4
 Iskenderun's Mystic Bla  Conj/Tloc      #.......     93%         4
 Leda's Liquefaction      Hex/Erth       #.........   93%         4

Inventory:

Hand Weapons
 d - a +0 short sword
 u - a +1 spear
 B - a +1 trident (weapon)
Missiles
 C - 34 poisoned darts (quivered)
 K - a throwing net {=f=f}
Armour
 a - a +0 robe
 b - a +2 pair of gloves (worn)
 g - a +0 leather armour
 i - a +0 helmet
 k - a +1 helmet (worn)
 p - a +0 pair of boots (worn)
 q - the cursed +0 robe of Lust {Str+2}
   (You found it on level 4 of the Dungeon)

   It affects your strength (+2).
   It has a curse placed upon it.
 s - a +3 ring mail of positive energy (worn)
 w - a +0 leather armour
Jewellery
 c - an uncursed ring of attention
 e - a +4 ring of evasion
 r - an amulet of reflection (around neck)
 D - a +6 ring of dexterity
 E - a +4 ring of evasion (right hand)
 F - an uncursed ring of protection from fire
 M - an uncursed ring of protection from magic
 O - a +4 ring of protection (left hand)
 R - an uncursed ring of resist corrosion
Wands
 n - a wand of iceblast (7)
 G - a wand of random effects (14)
 J - a wand of acid (8)
Scrolls
 f - 6 scrolls of remove curse {@r2@r2}
 m - 5 scrolls of identify {@r1@r1}
 v - 2 scrolls of blinking
 x - 4 scrolls of teleportation {@r4@r4}
 y - 2 scrolls of fog
 I - 2 scrolls of enchant armour
Potions
 h - 3 potions of heal wounds {@q2@q2}
 j - 2 potions of ambrosia
 l - 2 potions of curing {@q1@q1}
 o - 4 potions of degeneration
 t - a potion of berserk rage {!q!q}
 z - 4 potions of attraction
 A - a potion of brilliance
 H - 2 potions of flight

Dungeon Overview and Level Annotations

Branches:
Dungeon (11/15)            Temple (1/1) D:7            Lair (0/6) D:8
Ossuary (visited)
    Orc: D:9-12

Altars:
Ashenzari
Cheibriados
Dithmenos
Elyvilon
Fedhas
Gozag
Hepliaklqana
Kikubaaqudgha
Makhleb
Nemelex Xobeh
Okawaru
Qazlal
Ru
Sif Muna
Trog
Uskayaw
Vehumet
Wu Jian
Xom
Yredelemnul
Zin
The Shining One

Shops:
D:8 !

Annotations:
D:9 exclusion: ice statue

##### #.#.#
###...##
##...##@##
###...####J###
##.....#
##..##
####.....##
##..##
(........#
##..#
...>....##
##.......
#.......#
#......
###.....##
#.....
#.......##
#....


You could see a very large slime creature.


Message History

You hit the slime creature.
The slime creature is severely wounded.
The slime creature closely misses you.
You hit the slime creature.
The slime creature is severely wounded.
The slime creature hits you.
* * * LOW HITPOINT WARNING * * *
You hit the slime creature but do no damage.
The slime creature is severely wounded.
The slime creature hits you but does no damage.
Unknown command.
You puncture the slime creature!
The slime creature is almost dead.
The slime creature misses you. The slime creature hits you!
* * * LOW HITPOINT WARNING * * *
You hit the slime creature.
The slime creature is almost dead.
The slime creature hits you but does no damage.
Unknown command.
The slime creature hits you.
* * * LOW HITPOINT WARNING * * *
Two slime creatures merge to form a large slime creature.
Unknown command.
Two slime creatures merge to form a very large slime creature.
You feel much better.
Use which ability? (? or * to list)
You gain the combat prowess of a mighty hero.
The very large slime creature hits you!!!
Ouch! That really hurt!
You die...

Skill      XL: |  1  2  3  4  5  6  7  8  9 10 11 |
---------------+----------------------------------+-----
Ice Magic      | 5 6 7 8 10 12 | 12.2
Spellcasting   | 3 4 5 7 8 9 |  9.2
Polearms       | 2 4 6 9 11 12 | 12.5
Invocations    | 4 6 |  6.6
Dodging        | |  2.6
Stealth        | |  2.1

Action                   |  1- 3 |  4- 6 |  7- 9 | 10-12 || total
-------------------------+-------+-------+-------+-------++-------
Melee: Short sword       |    55 |    51 |       |       ||   106
       Unarmed           |     1 |       |       |       ||     1
       Tailslap          |       |     1 |       |       ||     1
       Spear             |       |    23 |   412 |       ||   435
       Trident           |       |       |   154 |   362 ||   516
       Punch             |       |       |       |     1 ||     1
 Cast: Freeze            |    24 |    69 |    50 |    32 ||   175
       Frozen Ramparts   |     3 |     2 |    13 |    18 ||    36
       Ozocubu's Armour  |       |       |     3 |     8 ||    11
       Searing Ray       |       |       |       |     5 ||     5
Invok: Heroism           |       |       |       |     2 ||     2
       Finesse           |       |       |       |     1 ||     1
  Use: Scroll            |       |     6 |     7 |     3 ||    16
       Potion            |       |     1 |    13 |     3 ||    17
 Stab: Sleeping          |     4 |     4 |    12 |     8 ||    28
       Distracted        |       |       |     2 |     3 ||     5
Armor: Robe              |     8 |       |       |       ||     8
       Leather armour    |    20 |    34 |   168 |    32 ||   254
       Ring mail         |       |       |       |    66 ||    66
Dodge: Dodged            |    89 |    72 |   360 |   189 ||   710
Block: Other             |       |       |   102 |    60 ||   162
       Reflection        |       |       |       |     3 ||     3

Levels and vault maps discovered:
D:1:      minmay_arrival_wavy_path, layout_basic
D:2:      layout_rooms, serial_park_tiny_pond, uniq_robin, uniq_natasha
D:3:      layout_loops_ring, doesnt_xom_only_xom
D:4:      layout_loops_corners, minmay_fractal_squares_5
D:5:      layout_basic, overflow_temple_1_default, portal_sewer_entry_b,
          basic_altar, minmay_misc_feat_roman
D:6:      layout_loops_ring, uniq_edmund
D:7:      layout_cave_pools, nicolae_overflow_quartered_altars,
          minmay_temple_entry_waves, enter_ossuary_4
D:8:      layout_rooms, due_lair_maze_entry_diamond, serial_aquarium,
          aquarium_bridge_straight [aquarium_subvault_bridge,
          aquarium_subvault_wall, aquarium_subvault_bridge,
          aquarium_subvault_wall], aquarium_bridge_square
          [aquarium_subvault_wall, aquarium_subvault_bridge,
          aquarium_subvault_bridge, aquarium_subvault_balcony],
          aquarium_window_double, aquarium_window_1, aquarium_window_fake,
          aquarium_view_2d, aquarium_view_2f, aquarium_pool_2, serial_shops,
          shop
D:9:      layout_stronghold, minivault_15, corexii_corridor_pit, uniq_harold,
          uniq_joseph
D:10:     layout_roguey
D:11:     layout_layer_cave, david_orc_3, chequers_big_river
Temple:   eino_temple_scatter_basement

Notes
Turn   | Place    | Note
-------+----------+-------------------------------------------
     0 | D:1      | Dracia the Merfolk Ice Elementalist began the quest for the
                  | Orb.
     0 | D:1      | Reached XP level 1. HP: 13/13 MP: 3/3
   263 | D:1      | Reached XP level 2. HP: 18/19 MP: 3/5
   736 | D:1      | Reached skill level 5 in Ice Magic
   836 | D:1      | Reached XP level 3. HP: 24/24 MP: 4/6
  1128 | D:1      | Learned a level 3 spell: Frozen Ramparts
  1588 | D:2      | Noticed Robin
  1603 | D:2      | Reached XP level 4. HP: 23/30 MP: 4/8
  1604 | D:2      | Killed Robin
  1847 | D:2      | Noticed Natasha
  1854 | D:2      | Killed Natasha
  1854 | D:2      | Reached skill level 3 in Spellcasting
  1854 | D:2      | Reached skill level 6 in Ice Magic
  1859 | D:2      | Learned a level 3 spell: Ozocubu's Armour
  2054 | D:2      | Reached XP level 5. HP: 35/35 MP: 9/9
  2279 | D:2      | Noticed Natasha
  2285 | D:2      | Killed Natasha
  2358 | D:2      | Noticed Natasha
  2367 | D:2      | Killed Natasha
  3144 | D:3      | Reached XP level 6. HP: 41/41 MP: 7/11
  3222 | D:3      | Found an iron altar of Okawaru.
  3383 | D:3      | Found a burning altar of Makhleb.
  3383 | D:3      | Found a hide-covered altar of Uskayaw.
  3385 | D:3      | Found a shimmering altar of Xom.
  3385 | D:3      | Found a burning altar of Makhleb.
  3385 | D:3      | Found a shimmering altar of Xom.
  3492 | D:4      | Reached skill level 7 in Ice Magic
  3603 | D:4      | Learned a level 4 spell: Hailstorm
  3763 | D:4      | Reached skill level 1 in Polearms
  4052 | D:4      | Noticed a sky beast
  4057 | D:4      | Reached skill level 2 in Polearms
  4061 | D:4      | Killed a sky beast
  4061 | D:4      | Reached skill level 4 in Spellcasting
  4061 | D:4      | Reached XP level 7. HP: 38/46 MP: 4/13
  4063 | D:4      | Identified a potion of resistance
  4068 | D:4      | Gained mutation: You are agile. (Dex +2) [potion of
                  | mutation]
  4068 | D:4      | Gained mutation: You are partially covered in iridescent
                  | scales. (AC +2) [potion of mutation]
  4068 | D:4      | Gained mutation: Your skin changes colour to match your
                  | surroundings (Stealth+). [potion of mutation]
  4240 | D:4      | Reached skill level 3 in Polearms
  4409 | D:4      | Reached skill level 8 in Ice Magic
  4776 | D:4      | Got a heavily jewelled robe
  4780 | D:4      | Identified the cursed +0 robe of Lust {Str+2} (You found it
                  | on level 4 of the Dungeon)
  4887 | D:5      | Entered Level 5 of the Dungeon
  4949 | D:5      | Found a hide-covered altar of Uskayaw.
  4970 | D:5      | Found a glowing drain.
  5095 | D:5      | Reached skill level 4 in Polearms
  5244 | D:5      | Reached XP level 8. HP: 39/52 MP: 11/14
  5337 | D:5      | Found a white marble altar of Elyvilon.
  5562 | D:5      | Learned a level 4 spell: Summon Ice Beast
  6060 | D:6      | Reached skill level 5 in Polearms
  6060 | D:6      | Reached skill level 9 in Ice Magic
  6208 | D:6      | Reached skill level 5 in Spellcasting
  6494 | D:6      | Noticed Edmund
  6507 | D:6      | Killed Edmund
  6909 | D:7      | Found a sand-covered staircase.
  6916 | Ossuary  | Entered an ossuary
  6930 | Ossuary  | Reached skill level 6 in Polearms
  7334 | D:7      | Reached skill level 10 in Ice Magic
  7345 | D:7      | Reached XP level 9. HP: 57/57 MP: 13/17
  7426 | D:7      | Found a staircase to the Ecumenical Temple.
  7455 | Temple   | Entered the Ecumenical Temple
  7720 | Temple   | Became a worshipper of Warmaster Okawaru
  7765 | D:7      | Reached skill level 7 in Polearms
  8157 | D:7      | Reached skill level 6 in Spellcasting
  8230 | D:7      | Found a hide-covered altar of Uskayaw.
  8249 | D:7      | Found a shimmering blue altar of Sif Muna.
  8275 | D:7      | Found an ornate altar of the Wu Jian Council.
  8286 | D:7      | Found a stormy altar of Qazlal.
  8717 | D:8      | Noticed a komodo dragon
  8858 | D:8      | Reached skill level 11 in Ice Magic
  8923 | D:8      | Found Doagaemm's Distillery.
  8927 | D:8      | Bought a potion of berserk rage for 65 gold pieces
  8957 | D:8      | Reached * piety under Okawaru
  8957 | D:8      | Reached skill level 8 in Polearms
  8990 | D:8      | Found a staircase to the Lair.
  9022 | D:8      | Killed a komodo dragon
  9111 | D:8      | Noticed a two-headed ogre
  9138 | D:8      | Killed a two-headed ogre
  9138 | D:8      | Reached ** piety under Okawaru
  9138 | D:8      | Reached skill level 9 in Polearms
  9138 | D:8      | Reached skill level 7 in Spellcasting
  9138 | D:8      | Reached skill level 12 in Ice Magic
  9138 | D:8      | Reached XP level 10. HP: 63/63 MP: 10/20
  9778 | D:9      | Reached skill level 1 in Invocations
  9781 | D:9      | Reached *** piety under Okawaru
  9781 | D:9      | Reached skill level 10 in Polearms
  9781 | D:9      | Reached skill level 2 in Invocations
 10034 | D:9      | Reached skill level 3 in Invocations
 10038 | D:9      | Learned a level 2 spell: Searing Ray
 10613 | D:9      | Reached skill level 8 in Spellcasting
 10618 | D:9      | Reached **** piety under Okawaru
 10618 | D:9      | Reached skill level 11 in Polearms
 10618 | D:9      | Reached skill level 4 in Invocations
 10622 | D:9      | Reached XP level 11. HP: 52/68 MP: 16/23
 10912 | D:9      | Noticed Joseph
 10948 | D:9      | Killed Joseph
 11207 | D:9      | Reached skill level 5 in Invocations
 11347 | D:9      | Reached ***** piety under Okawaru
 11771 | D:9      | Noticed Harold
 11784 | D:9      | Killed Harold
 11784 | D:9      | Reached skill level 12 in Polearms
 11924 | D:10     | Entered Level 10 of the Dungeon
 11990 | D:10     | Reached skill level 6 in Invocations
 12152 | D:10     | Reached skill level 9 in Spellcasting
 12324 | D:10     | Received a gift from Okawaru
 13027 | D:11     | HP: 4/68 [slime creature (15)]
 13041 | D:11     | Mangled by a very large slime creature

Vanquished Creatures
  Harold (D:9)
  A two-headed ogre (D:8)
  Joseph (D:9)
  A komodo dragon (D:8)
  2 trolls (D:9)
  3 slime creatures (D:11)
  19 yaks
  Edmund (D:6)
  2 water moccasins (D:8)
  A soldier ant (D:10)
  An orc warrior (D:7)
  2 phantoms (D:7)
  3 sky beasts
  A hornet zombie (D:9)
  An ice beast (D:9)
  A necrophage (D:7)
  2 black bears
  An eye of draining (D:9)
  6 ogres
  2 centaurs
  An elf zombie (Ossuary)
  8 bullfrogs
  3 scorpions
  A wyvern skeleton (D:6)
  13 killer bees
  5 wights (D:10)
  A howler monkey (D:5)
  3 hounds
  A quasit (D:6)
  2 bullfrog zombies
  A centaur zombie (D:5)
  2 jellies (D:8)
  5 orc priests
  5 orc wizards
  A bullfrog skeleton (D:10)
  A human zombie (Ossuary)
  3 iguanas
  Natasha (thrice) (D:2)
  6 worker ants
  A big kobold zombie (Ossuary)
  3 mummies (Ossuary)
  Robin (D:2)
  A worker ant zombie (D:9)
  12 adders
  3 white imps (D:10)
  2 ufetubi
  4 oozes
  3 adder skeletons
  4 adder zombies (Ossuary)
  6 worms
  2 dart slugs
  2 leopard geckos
  36 orcs
  3 giant cockroaches
  A gnoll zombie (Ossuary)
  19 goblins
  7 hobgoblins
  15 jackals
  4 kobolds
  A quokka (D:4)
  2 ball pythons
  6 bats
  4 frilled lizards
  4 goblin zombies
  2 hobgoblin zombies (Ossuary)
  3 kobold zombies (Ossuary)
  2 quokka zombies
  7 rats
  A rat zombie (Ossuary)
278 creatures vanquished.

Vanquished Creatures (others)
  41 fungi (D:8)
  37 plants
78 creatures vanquished.

Grand Total: 356 creatures vanquished

Table legend: (Time is in decaauts)
 A = Elapsed time spent in this place.
 B = Non-inter-level travel time spent in this place.
 C = Inter-level travel time spent in this place.
 D = Time resting spent in this place.
 E = Time spent auto-exploring this place.
 F = Levels seen in this place.
 G = Mean time per level.
                   A        B        C        D        E       F      G
               +--------+--------+--------+--------+--------+-----+--------+
         Total |  12847 |  12369 |    478 |   2315 |   7837 |  13 |  988.2 |
       Dungeon |  12218 |  11769 |    449 |   2273 |   7480 |  11 | 1110.7 |
        Temple |    283 |    254 |     29 |      0 |    253 |   1 |  283.0 |
       Ossuary |    345 |    345 |      0 |     42 |    104 |   1 |  345.0 |
               +--------+--------+--------+--------+--------+-----+--------+

Top non-repeatable levels by time:
     D:9: 2142 daAuts
     D:4: 1462 daAuts
     D:2: 1284 daAuts
     D:1: 1128 daAuts
     D:6: 1095 daAuts
     D:8: 1082 daAuts
     D:7: 1048 daAuts
     D:3: 1019 daAuts
    D:10: 964 daAuts
     D:5: 896 daAuts
 Ossuary: 345 daAuts
  Temple: 283 daAuts
    D:11: 93 daAuts

Table legend:
 A = Non-vault XP
 B = Vault XP
 C = Vault XP percentage of total XP
 D = Non-vault monster count
 E = Vault monster count
 F = Vault count percentage of total count
                 A         B        C        D         E       F
            +---------+---------+-------+---------+---------+-------
      Total |   11975 |    3401 |  22.1 |     219 |      59 |  21.2
            +---------+---------+-------+---------+---------+-------
        D:1 |      36 |       0 |   0.0 |      17 |       0 |   0.0
        D:2 |     156 |      72 |  31.6 |      24 |      14 |  36.8
        D:3 |      80 |       0 |   0.0 |      21 |       0 |   0.0
        D:4 |     615 |      39 |   6.0 |      18 |       3 |  14.3
        D:5 |     278 |       7 |   2.5 |      11 |       5 |  31.2
        D:6 |     600 |     158 |  20.8 |      17 |       1 |   5.6
        D:7 |     917 |       2 |   0.2 |      20 |       2 |   9.1
        D:8 |    1513 |    1413 |  48.3 |      17 |      11 |  39.3
        D:9 |    5167 |    1447 |  21.9 |      41 |       2 |   4.7
       D:10 |    1780 |       0 |   0.0 |      25 |       0 |   0.0
       D:11 |     833 |       0 |   0.0 |       8 |       0 |   0.0
    Ossuary |       0 |     263 | 100.0 |       0 |      21 | 100.0
            +---------+---------+-------+---------+---------+-------
